 Dungeon Crawl Stone Soup version 0.21.1-1-g345015fe64 (webtiles) character file.

123 Ivernyr the Charmwright (level 4, 0/52 HPs)
             Began as a Demonspawn Skald on Apr 29, 2018.
             Killed from afar by Natasha (7 damage)
             ... with a magic dart
             ... on level 3 of the Dungeon.
             The game lasted 00:26:52 (2661 turns).

Ivernyr the Charmwright (Demonspawn Skald)          Turns: 2661, Time: 00:26:55

Health: 0/52       AC:  6    Str: 16    XL:     4   Next: 80%
Magic:  6/7        EV: 12    Int: 15    God:
Gold:   118        SH:  0    Dex: 13    Spells: 2/7 levels left

rFire    . . .     SeeInvis .   a - +0 falchion
rCold    . . .     Gourm    .   (no shield)
rNeg     . . .     Faith    .   b - +0 leather armour
rPois    .         Spirit   .   o - +0 helmet
rElec    .         Reflect  .   (no cloak)
rCorr    .         Harm     .   (no gloves)
MR       .....                  (no boots)
Stlth    ..........             (no amulet)
HPRegen  0.17/turn              (no ring)
MPRegen  0.10/turn              (no ring)

@: berserking, slowed
A: rugged brown scales 2
a: no special abilities


You were on level 3 of the Dungeon.
You were not hungry.

You visited 1 branch of the dungeon, and saw 3 of its levels.

You collected 118 gold pieces.

Inventory:

Hand Weapons
 a - a +0 falchion (weapon)
Armour
 b - a +0 leather armour (worn)
 o - a +0 helmet (worn)
Jewellery
 s - a +4 ring of strength {unknown}
Wands
 u - a wand of iceblast (6)
Scrolls
 e - a scroll of random uselessness {unknown}
 i - 2 scrolls of teleportation {unknown}
 j - a scroll of identify {unknown}
 l - a scroll of fog {unknown}
 m - a scroll of remove curse {unknown}
 p - a scroll of enchant weapon {unknown}
 q - a scroll of amnesia {unknown}
 r - a scroll of noise {unknown}
Potions
 f - a potion of berserk rage
 g - a potion of agility {unknown}
 h - a potion of curing {unknown}
 k - 2 potions of heal wounds {unknown}
 n - a potion of magic {unknown}
Books
 c - a book of Battle

   Spells                             Type                      Level
   a - Infusion                       Charms                       1
   b - Shroud of Golubria             Charms/Translocation         2
   c - Song of Slaying                Charms                       2
   d - Spectral Weapon                Hexes/Charms                 3
   e - Regeneration                   Charms/Necromancy            3
Comestibles
 d - 7 rations


   Skills:
 + Level 2.8 Fighting
 + Level 2.5 Long Blades
 * Level 2.6 Armour
 - Level 1.7 Dodging
 - Level 2.0 Spellcasting
 + Level 3.3 Charms


You had 2 spell levels left.
You knew the following spells:

 Your Spells              Type           Power        Failure   Level  Hunger
a - Shroud of Golubria    Chrm/Tloc      #.........   21%         2    ###....
b - Song of Slaying       Chrm           ##......     11%         2    ###....
c - Infusion              Chrm           ##..         7%          1    #......


Dungeon Overview and Level Annotations

Branches:
Dungeon (3/15)

Altars:

Annotations:
D:3 Natasha


Innate Abilities, Weirdness & Mutations

You are mostly covered in rugged brown scales. (AC +2, +5% HP)


Message History

You completely miss Natasha. Natasha barely misses you.
Your shroud bends Natasha's attack away.
You hit Natasha but do no damage. Natasha barely misses you.
You riposte.
You hit Natasha but do no damage. Natasha casts a spell at you.
You resist with some effort.
You barely miss Natasha.
Your shroud begins to fray at the edges.
Natasha claws you.
* * * LOW HITPOINT WARNING * * *
Your shroud falls apart!
You closely miss Natasha. Natasha misses you.
Natasha mumbles some strange words.
It was a potion of berserk rage.
A red film seems to cover your vision as you go berserk!
You feel yourself moving faster!
You feel mighty! Natasha claws you.
* * * LOW HITPOINT WARNING * * *
Natasha casts a spell at you. The magic dart hits you!
You die...

#######################
...........†..........>
#######...#######.######
....................#
######.#..######.#)#
#.##.5h@....#.#
#.##..#.##..#.#
#5###.#..#..#.#
###'###.##.#..#.#
#....##.# .#..#.#
#....##.. .#..#.#
#....##.. .#..#..
#....##..l.#..# # #....#
# #..#


You could see Natasha and a crimson imp.

Vanquished Creatures
  Natasha (D:3)
  3 adders
  2 oozes
  A worm (D:2)
  2 dart slugs (D:3)
  3 leopard geckos
  8 bats
  2 giant cockroaches
  10 goblins
  7 hobgoblins
  A quokka (D:2)
  A ball python (D:2)
  4 frilled lizards
  2 kobolds (D:1)
  6 rats
53 creatures vanquished.

Notes
Turn   | Place    | Note
-------+----------+-------------------------------------------
     0 | D:1      | Ivernyr the Demonspawn Skald began the quest for the Orb.
     0 | D:1      | Reached XP level 1. HP: 16/16 MP: 3/3
    20 | D:1      | Reached skill level 1 in Armour
   373 | D:1      | Gained mutation: You are partially covered in rugged brown scales. (AC +1, +3% HP) [demonic ancestry]
   373 | D:1      | Reached XP level 2. HP: 10/22 MP: 5/5
   590 | D:1      | Learned a level 2 spell: Song of Slaying
   593 | D:1      | Learned a level 2 spell: Shroud of Golubria
   817 | D:1      | Reached skill level 3 in Charms
   817 | D:1      | Gained mutation: You are mostly covered in rugged brown scales. (AC +2, +5% HP) [demonic ancestry]
   817 | D:1      | Reached XP level 3. HP: 23/29 MP: 6/6
  1729 | D:2      | Reached XP level 4. HP: 7/35 MP: 2/7
  2279 | D:3      | Noticed Natasha
  2400 | D:3      | Killed Natasha
  2630 | D:3      | Noticed Natasha
  2661 | D:3      | Killed from afar by Natasha

Skill      XL: |  1  2  3 |
---------------+----------+-----
Armour         | 1 2 |  2.6
Long Blades    | 2 |  2.5
Charms         | 3 |  3.3
Fighting       | |  2.8
Dodging        | |  1.7
Spellcasting   | |  2.0

Action                   |  1- 3 |  4- 6 || total
-------------------------+-------+-------++-------
Melee: Falchion          |   157 |    62 ||   219
 Cast: Shroud of Golubri |     5 |     6 ||    11
  Use: Potion            |       |     1 ||     1
 Stab: Sleeping          |       |     1 ||     1
  Eat: Chunk             |     3 |     4 ||     7
Armor: Leather armour    |    79 |     9 ||    88
Dodge: Dodged            |   119 |    41 ||   160
       Rpst.: Falchion   |    37 |    13 ||    50
